 Dungeon Crawl Stone Soup version 0.26-a0-639-g72c4674 (webtiles) character file.

Game seed: 6558231191959224135

9 royokou the Firebug (level 2, -1/15 HPs)
             Began as a Gargoyle Fire Elementalist on Sept 15, 2020.
             Slain by a kobold
             ... wielding a +2 short sword of speed
              (4 damage)
             ... on level 1 of the Dungeon.
             The game lasted 00:01:20 (664 turns).

royokou the Firebug (Gargoyle Fire Elementalist)     Turns: 664, Time: 00:01:20

Health: -1/15      AC:  4    Str: 11    XL:     2   Next: 12%
Magic:  4/5        EV: 12    Int: 15    God:
Gold:   5          SH:  0    Dex: 10    Spells: 4/5 levels left

rFire    . . .     SeeInvis .   i - +0 short sword
rCold    . . .     Faith    .   (no shield)
rNeg     + . .     Spirit   .   g - +0 robe (curse)
rPois    ∞         Reflect  .   (no helmet)
rElec    +         Harm     .   (no cloak)
rCorr    .         Rampage  .   (no gloves)
MR       .....                  (no boots)
Stlth    ++........             (no amulet)
HPRegen  0.05/turn              (no ring)
MPRegen  0.09/turn              (no ring)

@: no status effects
A: negative energy resistance 1, electricity resistance, unbreathing,
petrification resistance, rot immunity, AC +2
a: no special abilities


You were on level 1 of the Dungeon.
You visited 1 branch of the dungeon, and saw 1 of its levels.

You collected 5 gold pieces.

Inventory:

Hand Weapons
 e - a +0 club
 i - a +0 short sword (weapon)
Armour
 a - a +0 robe
 g - a cursed +0 robe (worn)
 l - a cursed +0 leather armour
Scrolls
 c - a scroll of magic mapping {unknown}
 d - 3 scrolls of random uselessness {unknown}
 j - a scroll of teleportation {unknown}
 k - a scroll of fear {unknown}
Potions
 b - a potion of curing {unknown}
 f - a potion of berserk rage {unknown}
 h - a potion of ambrosia {unknown}


   Skills:
 + Level 1.7 Dodging
 + Level 2.4 Stealth
 + Level 2.1 Spellcasting
 + Level 1.3 Conjurations
 + Level 3.1 Fire Magic


You had 4 spell levels left.
You knew the following spells:

 Your Spells              Type           Power        Failure   Level
a - Foxfire               Conj/Fire      #...         9%          1

Your spell library contained the following spells:

 Spells                   Type           Power        Failure   Level
 Conjure Flame            Conj/Fire      #.......     26%         3
 Inner Flame              Hex/Fire       #.......     34%         3
 Sticky Flame             Conj/Fire      #.......     65%         4
 Fireball                 Conj/Fire      #.........   94%         5


Dungeon Overview and Level Annotations

Branches:
Dungeon (1/15)

Altars:


Innate Abilities, Weirdness & Mutations

You are resistant to torment.
Your stone body is resilient. (AC +2)
You are immune to poison.
You resist negative energy. (rN+)
You are resistant to electric shocks. (rElec)
You can survive without breathing.
You are immune to petrification.
You are immune to rotting.


Message History

The kobold hits you with a +2 short sword of speed.
You closely miss the kobold.
The kobold is severely wounded.
The kobold barely misses you. x2
You hit the kobold but do no damage.
The kobold is moderately wounded.
The kobold hits you with a +2 short sword of speed.
You closely miss the kobold.
The kobold is moderately wounded.
The kobold closely misses you.
You barely miss the kobold.
The kobold is moderately wounded.
The kobold hits you with a +2 short sword of speed.
* * * LOW HITPOINT WARNING * * *
You are too injured to fight recklessly!
Casting: Foxfire (safe; 9% risk of failure)
Confirm with . or Enter, or press ? or * to list all spells.
You conjure some foxfire!
The kobold hits you but does no damage.
The kobold hits you with a +2 short sword of speed.
You die...

#......# #......#
#......# #......#
#...[..# ###### #......#
.....# #.vK...# ####.#
######.v@...# # #.#
#...####...## #
#.####.#.# #.###
####......#.####.###
....>..............##
###.........####.#..####
#.....................
#.############.##..##
#.##### #.# #.#


You could see a kobold.

Vanquished Creatures
  A goblin (D:1)
  A hobgoblin (D:1)
  A ball python (D:1)
  3 kobolds (D:1)
  4 rats (D:1)
10 creatures vanquished.

Vanquished Creatures (others)
  18 foxfires (D:1)
18 creatures vanquished.

Grand Total: 28 creatures vanquished

Notes
Turn   | Place    | Note
-------+----------+-------------------------------------------
     0 | D:1      | royokou the Gargoyle Fire Elementalist began the quest for
                  | the Orb.
     0 | D:1      | Reached XP level 1. HP: 10/10 MP: 3/3
   373 | D:1      | Reached XP level 2. HP: 9/15 MP: 1/5
   664 | D:1      | Slain by a kobold

Illustrated notes

Levels and vault maps discovered:
D:1:      grunt_arrival_lava_bath, layout_basic, item_on_display_a

Action                   || total
-------------------------++-------
Melee: Short sword       ||    20
       Club              ||     4
 Cast: Foxfire           ||    10
 Stab: Sleeping          ||     1
Armor: Robe              ||     8
Dodge: Dodged            ||    18

Table legend: (Time is in decaauts)
 A = Elapsed time spent in this place.
 B = Non-inter-level travel time spent in this place.
 C = Inter-level travel time spent in this place.
 D = Time resting spent in this place.
 E = Time spent auto-exploring this place.
 F = Levels seen in this place.
 G = Mean time per level.
                   A        B        C        D        E       F      G
               +--------+--------+--------+--------+--------+-----+--------+
         Total |    666 |    666 |      0 |     82 |    477 |   1 |  666.0 |
       Dungeon |    666 |    666 |      0 |     82 |    477 |   1 |  666.0 |
               +--------+--------+--------+--------+--------+-----+--------+

Top non-repeatable levels by time:
     D:1: 666 daAuts
